 Dungeon Crawl Stone Soup version 0.30-a0-371-gad7725a93e (webtiles) character file.

Game seed: 11087899598910166036

351 leviel the Trooper (level 6, -1/55 HPs)
             Began as a Hill Orc Fighter on Nov 20, 2022.
             Shot with an arrow by a centaur (11 damage)
             ... on level 5 of the Dungeon on Nov 21, 2022.
             The game lasted 00:05:42 (3048 turns).

leviel the Trooper (Hill Orc Fighter)               Turns: 3048, Time: 00:05:42

Health: -1/55      AC: 10    Str: 21    XL:     6   Next: 61%
Magic:  6/6        EV: 10    Int:  8    God:
Gold:   965        SH:  4    Dex: 10    Spells: 5/5 levels left

rFire   + . .      SeeInvis .    a - +2 falchion (protect)
rCold   . . .      Faith    .    c - +0 buckler
rNeg    . . .      Spirit   .    k - +3 ring mail
rPois   +          Reflect  .    (no helmet)
rElec   .          Harm     .    (no cloak)
rCorr   .          Rampage  .    (no gloves)
Will    .....                    h - +0 pair of boots
Stlth   ..........               (no amulet)
HPRegen 0.29/turn                o - ring of poison resistance
MPRegen 0.10/turn                t - ring of protection from fire

@: no status effects
A: no striking features
a: no special abilities


You were on level 5 of the Dungeon.
You visited 1 branch of the dungeon, and saw 5 of its levels.

You collected 965 gold pieces.

Inventory:

Hand Weapons
 a - a +2 falchion of protection (weapon)
Missiles
 j - 12 poisoned darts (quivered)
Armour
 c - a +0 buckler (worn)
 h - a +0 pair of boots (worn)
 k - a +3 ring mail (worn)
Jewellery
 o - a ring of poison resistance (left hand)
 t - a ring of protection from fire (right hand)
Scrolls
 e - 2 scrolls of magic mapping
 g - a scroll of summoning {unknown}
 i - a scroll of butterflies
 m - 2 scrolls of identify {@r1}
 q - a scroll of poison
Potions
 b - a potion of heal wounds
 d - 2 potions of might
 f - 6 potions of brilliance
 l - a potion of mutation
 n - a potion of degeneration {unknown}
 p - a potion of attraction {unknown}
 r - a potion of curing {unknown}
 s - a potion of magic


   Skills:
 + Level 4.9 Fighting
 * Level 4.8 Long Blades
 + Level 1.1 Throwing
 + Level 4.4 Armour
 + Level 4.5 Shields


You had 5 spell levels left.
You didn't know any spells.
Your spell library contained the following spells:

 Spells                   Type           Power      Damage    Failure   Level
 Ozocubu's Armour         Ice            0%         N/A       95%         3
 Ozocubu's Refrigeration  Ice            0%         4d7       100%        7


Dungeon Overview and Level Annotations

Branches:
Dungeon (5/15)
 Temple: D:4-7

Altars:
Dithmenos
Uskayaw
Vehumet


Message History

You are too injured to fight recklessly!
You are too injured to fight recklessly!
You are too injured to fight recklessly!
You are too injured to fight recklessly!
You slash the ogre!
The ogre is heavily wounded.
The ogre barely misses you. The centaur closely misses you. x2
The phantom hits you.
You barely miss the ogre.
The ogre is heavily wounded.
The centaur hits you but does no damage.
The centaur completely misses you.
The phantom hits you but does no damage.
You block the centaur's attack. The centaur barely misses you.
The ogre hits you with a +0 giant spiked club!!
The phantom barely misses you.
The centaur wields a +0 shortbow.
The centaur shoots an arrow.
You block the arrow.
The phantom hits you but does no damage.
The phantom attacks as you move away! The phantom hits you.
* * * LOW HITPOINT WARNING * * *
The ogre attacks as you move away! The ogre barely misses you.
The centaur shoots an arrow.
The arrow hits you but does no damage. The phantom attacks as you move away!
The phantom hits you but does no damage.
The centaur shoots an arrow.
The arrow hits you but does no damage. The phantom attacks as you move away!
The phantom closely misses you. The phantom attacks as you move away!
The phantom closely misses you.
The centaur shoots an arrow.
The arrow closely misses you.
There is an open door here.
The phantom attacks as you move away! The phantom barely misses you.
The phantom attacks as you move away!
The phantom hits you but does no damage.
The centaur shoots an arrow.
The arrow hits you!
* * * LOW HITPOINT WARNING * * *
The phantom attacks as you move away! You block the phantom's attack.
The phantom attacks as you move away!
The phantom hits you but does no damage.
The centaur shoots an arrow.
The arrow hits you!
You die...

#..........##+###.....
#..........+
#..........#
#....#######
#..cO##....##
#....##.....#
#....W......#
#..........##
#....@.....#
#.....[....#
#.....<....#
+..........#
############


You could see an ogre, a phantom and a centaur.

Vanquished Creatures
  A bullfrog (D:4)
  2 hounds
  A jelly (D:4)
  Jessica (D:2)
  Terence (D:2)
  5 adders
  A white imp (D:5)
  A worm (D:3)
  5 dart slugs
  4 orcs (D:4)
  9 endoplasms
  2 giant cockroaches (D:1)
  7 goblins
  7 hobgoblins
  5 jackals
  6 kobolds
  3 quokkas
  7 ball pythons
  6 bats
  3 frilled lizards
  5 rats
82 creatures vanquished.

Notes
Turn   | Place    | Note
-------+----------+-------------------------------------------
     0 | D:1      | leviel the Hill Orc Fighter began the quest for the Orb.
     0 | D:1      | Reached XP level 1. HP: 19/19 MP: 1/1
   161 | D:1      | Reached XP level 2. HP: 24/27 MP: 2/2
   698 | D:2      | Reached XP level 3. HP: 33/33 MP: 3/3
   855 | D:2      | Noticed Jessica
   916 | D:2      | Found a hide-covered altar of Uskayaw.
  1009 | D:2      | Noticed Terence
  1024 | D:2      | Killed Terence
  1025 | D:2      | Reached XP level 4. HP: 27/40 MP: 4/4
  1330 | D:2      | Killed Jessica
  1331 | D:2      | Reached XP level 5. HP: 47/47 MP: 5/5
  1873 | D:3      | Found a shadowy altar of Dithmenos.
  1896 | D:3      | Found a radiant altar of Vehumet.
  2244 | D:4      | Identified a scroll of acquirement
  2244 | D:4      | Acquired 721 gold pieces
  2332 | D:4      | Reached XP level 6. HP: 50/53 MP: 6/6
  2410 | D:4      | Reached skill level 1 in Throwing
  2980 | D:5      | Entered Level 5 of the Dungeon
  3048 | D:5      | Shot with an arrow by a centaur

Illustrated notes

Levels and vault maps discovered:
D:1:      psy_arrival_whirlpool, layout_basic
D:2:      layout_loops_ring, basic_altar, corner_web_ring, uniq_jessica,
          uniq_terence
D:3:      layout_loops_ring, mainiacjoe_overflow_swirl, fountainhead
D:4:      layout_cave_pods, hangedman_decor_riveting, guppyfry_early_lair_pool
D:5:      minmay_opposing_rooms, layout_gridville, yredelemnul_altar_generic,
          lemuel_coloured_pillars_altar, mainiacjoe_overflow_tiny_flanked,
          pdpol_wu_jian_five_deadly_venoms, minmay_temple_entry_poolview

Skill      XL: |  1  2  3  4  5  6 |
---------------+-------------------+-----
Fighting       | 4 |  4.9
Long Blades    | 3 4 |  4.8
Shields        | 4 |  4.5
Armour         | 4 |  4.4
Throwing       | 1 |  1.1

Action                   |  1- 3 |  4- 6 || total
-------------------------+-------+-------++-------
Melee: Long sword        |   111 |     3 ||   114
       Falchion          |       |   183 ||   183
  Use: Scroll            |     9 |     6 ||    15
Armor: Scale mail        |    11 |       ||    11
       Ring mail         |    27 |   129 ||   156
Dodge: Dodged            |    53 |   117 ||   170
Block: Buckler           |    24 |    54 ||    78

Table legend: (Time is in decaauts)
 A = Elapsed time spent in this place.
 B = Non-inter-level travel time spent in this place.
 C = Inter-level travel time spent in this place.
 D = Time resting spent in this place.
 E = Time spent auto-exploring this place.
 F = Levels seen in this place.
 G = Mean time per level.
                   A        B        C        D        E       F      G
               +--------+--------+--------+--------+--------+-----+--------+
         Total |   3108 |   3031 |     77 |      0 |   2331 |   5 |  621.6 |
       Dungeon |   3108 |   3031 |     77 |      0 |   2331 |   5 |  621.6 |
               +--------+--------+--------+--------+--------+-----+--------+

Top non-repeatable levels by time:
     D:4: 849 daAuts
     D:2: 809 daAuts
     D:1: 703 daAuts
     D:3: 676 daAuts
     D:5: 69 daAuts
